 Dungeon Crawl Stone Soup version 0.26-a0-835-g8259106e14 (webtiles) character file.

Game seed: 2106522865166766637

344 pablito the Skirmisher (level 6, -9/40 HPs)
             Began as a Gargoyle Monk on Nov 17, 2020.
             Was a Plaything of Xom.
             Mangled by an ogre
             ... wielding a +0 giant club
              (10 damage)
             ... on level 4 of the Dungeon.
             The game lasted 00:09:38 (2481 turns).

pablito the Skirmisher (Gargoyle Monk)              Turns: 2481, Time: 00:09:39

Health: -9/40      AC: 18    Str: 17    XL:     6   Next: 58%
Magic:  6/6        EV:  6    Int: 10    God:    Xom [*.....]
Gold:   141        SH:  0    Dex: 12    Spells: 5/5 levels left

rFire    . . .     SeeInvis .   a - +0 mace
rCold    . . .     Faith    .   (no shield)
rNeg     + . .     Spirit   .   c - +0 plate armour
rPois    ∞         Reflect  .   (helmet restricted)
rElec    +         Harm     .   (no cloak)
rCorr    .         Rampage  +   (no gloves)
MR       .....                  o - +1 pair of boots {rampage}
Stlth    ..........             (no amulet)
HPRegen  0.13/turn              (no ring)
MPRegen  0.10/turn              (no ring)

@: hasted, very quick
A: fangs 1, horns 1, negative energy resistance 1, electricity resistance,
unbreathing, petrification resistance, rot immunity, AC +4
a: Renounce Religion


You were on level 4 of the Dungeon.
You worshipped Xom.
You were a special plaything of Xom.
You visited 1 branch of the dungeon, and saw 4 of its levels.

You collected 141 gold pieces.

Inventory:

Hand Weapons
 a - a +0 mace (weapon)
Armour
 c - a +0 plate armour (worn)
 n - a cursed -2 plate armour
 o - a +1 pair of boots of rampaging (worn)
Jewellery
 l - an uncursed ring of poison resistance {unknown}
Wands
 q - a wand of paralysis (11)
Scrolls
 d - 7 scrolls of identify {unknown}
 f - 2 scrolls of magic mapping {unknown}
 g - a scroll of amnesia {unknown}
 j - 3 scrolls of remove curse {unknown}
 m - a scroll of enchant weapon {unknown}
Potions
 h - 2 potions of might
 i - a potion of lignification {unknown}
 k - 2 potions of mutation {unknown}
 p - a potion of brilliance {unknown}


   Skills:
 + Level 5.0 Fighting
 + Level 4.6 Maces & Flails
 + Level 3.6 Armour
 - Level 3.0 Dodging
 - Level 2.1 Stealth


You had 5 spell levels left.
You didn't know any spells.
Your spell library was empty.

Dungeon Overview and Level Annotations

Branches:
Dungeon (4/15)
 Temple: D:4-7

Altars:
Cheibriados
Qazlal
Xom


Innate Abilities, Weirdness & Mutations

You are resistant to torment.
Your stone body is resilient. (AC +4)
You are immune to poison.
You resist negative energy. (rN+)
You are resistant to electric shocks. (rElec)
You can survive without breathing.
You are immune to petrification.
You are immune to rotting.
You have very sharp teeth.
You have a pair of small horns on your head.


Message History

The ogre is lightly wounded.
The ogre barely misses you.
You sock the ogre!
The ogre is moderately wounded.
The ogre barely misses you.
You hit the ogre but do no damage.
The ogre is moderately wounded.
The ogre hits you with a +0 giant club!!
* * * LOW HITPOINT WARNING * * *
You hit the ogre.
The ogre is heavily wounded.
You completely miss the ogre. You headbutt the ogre.
The ogre is severely wounded.
The ogre hits you with a +0 giant club!
* * * LOW HITPOINT WARNING * * *
Okay, then.
It was a potion of haste.
You feel yourself speed up.
Xom thinks this is hilarious!
The ogre hits you with a +0 giant club!
You die...

####.#...# ## #
....<...# #..#.
.....###
#>...####......##.
#.....)......... ##.
###..)[...#....#
.....####.†.†<#.....
#......<.†...........
##....##....@........
###. #.....O........
#. #.........#.... #
...........###..
............# .
#..............
...............
#.....).......


You could see an ogre.

Vanquished Creatures
  An ogre (D:4)
  A bullfrog (D:3)
  A scorpion (D:4)
  A worker ant (D:4)
  4 adders
  2 dart slugs
  A worm (D:3)
  A leopard gecko (D:2)
  2 orcs
  4 bats
  4 giant cockroaches
  9 goblins
  8 hobgoblins
  7 jackals
  2 quokkas
  5 frilled lizards
  7 kobolds
  A leopard gecko zombie (D:3)
  11 rats
72 creatures vanquished.

Vanquished Creatures (collateral kills)
  An adder (D:4)
  A worm (D:4)
  A bat (D:4)
3 creatures vanquished.

Vanquished Creatures (others)
  Ijyb (D:4)
  A worker ant (D:4)
2 creatures vanquished.

Grand Total: 77 creatures vanquished

Notes
Turn   | Place    | Note
-------+----------+-------------------------------------------
     0 | D:1      | pablito the Gargoyle Monk began the quest for the Orb.
     0 | D:1      | Reached XP level 1. HP: 14/14 MP: 1/1
   205 | D:1      | Reached XP level 2. HP: 14/19 MP: 2/2
   220 | D:1      | Reached skill level 1 in Armour
   821 | D:2      | Found a faded altar of an unknown god.
   830 | D:2      | Became a worshipper of Xom of Chaos
   851 | D:2      | XOM: divination: detect items
   856 | D:2      | XOM: silly message
   861 | D:2      | Reached XP level 3. HP: 21/23 MP: 3/3
   861 | D:2      | XOM: divination: detect items
  1141 | D:2      | XOM: potion effect (brilliance)
  1194 | D:2      | XOM: silly message
  1223 | D:2      | Reached XP level 4. HP: 29/29 MP: 4/4
  1224 | D:2      | XOM: give mutations
  1224 | D:2      | Gained mutation: You have a pair of small horns on your
                  | head. [Xom's mischief]
  1224 | D:2      | Gained mutation: You have very sharp teeth. [Xom's
                  | mischief]
  1224 | D:2      | Gained mutation: You are frail. (-10% HP) [Xom's mischief]
  1224 | D:2      | Lost mutation: You are frail. (-10% HP) [Xom's mischief]
  1707 | D:3      | XOM: chaos cloud
  1797 | D:3      | Reached skill level 4 in Fighting
  1815 | D:3      | Found a snail-covered altar of Cheibriados.
  1979 | D:3      | Noticed a bullfrog
  1984 | D:3      | XOM: confuse monster(s)
  1987 | D:3      | XOM: god gift: pair of glowing boots {god gift}
  1991 | D:3      | Killed a bullfrog
  1992 | D:3      | Reached XP level 5. HP: 24/34 MP: 5/5
  2230 | D:3      | Found a stormy altar of Qazlal.
  2351 | D:4      | Noticed Ijyb
  2354 | D:4      | Paralysed by Ijyb for 6 turns
  2358 | D:4      | Killed Ijyb
  2358 | D:4      | XOM: divine lightning
  2368 | D:4      | XOM: polymorph leopard gecko -> bat
  2385 | D:4      | Reached XP level 6. HP: 17/40 MP: 6/6
  2410 | D:4      | Reached skill level 5 in Fighting
  2480 | D:4      | HP: 1/40 [ogre/+0 giant club (10)]
  2481 | D:4      | Mangled by an ogre

Illustrated notes

Levels and vault maps discovered:
D:1:      minmay_arrival_nine_rooms, layout_basic
D:2:      layout_basic, chequers_ecumenical_altar_simple_redux,
          chequers_hall_statues_corner_a
D:3:      layout_loops_ring, lemuel_crystal_altar, kennysheep_slug_shrine,
          minmay_crystal_water
D:4:      layout_cave_pools, nicolae_gozag_cash_rules_everything_around_me,
          uniq_ijyb

Skill      XL: |  1  2  3  4  5  6 |
---------------+-------------------+-----
Armour         | 1 2 3 |  3.6
Fighting       | 4 5 |  5.0
Dodging        | 3 |  3.0
Maces & Flails | 4 |  4.6
Stealth        | |  2.1

Action                   |  1- 3 |  4- 6 || total
-------------------------+-------+-------++-------
Melee: Mace              |   116 |   114 ||   230
       Headbutt          |       |    15 ||    15
       Bite              |       |    15 ||    15
  Use: Potion            |       |     7 ||     7
 Stab: Confused          |       |     2 ||     2
Armor: Plate armour      |    99 |   159 ||   258
       Skin              |     1 |       ||     1
Dodge: Dodged            |    39 |    54 ||    93

Table legend: (Time is in decaauts)
 A = Elapsed time spent in this place.
 B = Non-inter-level travel time spent in this place.
 C = Inter-level travel time spent in this place.
 D = Time resting spent in this place.
 E = Time spent auto-exploring this place.
 F = Levels seen in this place.
 G = Mean time per level.
                   A        B        C        D        E       F      G
               +--------+--------+--------+--------+--------+-----+--------+
         Total |   2535 |   2455 |     80 |      0 |   1765 |   4 |  633.8 |
       Dungeon |   2535 |   2455 |     80 |      0 |   1765 |   4 |  633.8 |
               +--------+--------+--------+--------+--------+-----+--------+

Top non-repeatable levels by time:
     D:2: 858 daAuts
     D:1: 816 daAuts
     D:3: 724 daAuts
     D:4: 136 daAuts
